 Dungeon Crawl Stone Soup version 0.29-a0-338-g1ff7896281 (webtiles) character file.

Game seed: 10635171496693105159

112 Murumi the Skirmisher (level 4, -4/38 HPs)
             Began as a Demigod Fighter on Apr 18, 2022.
             Slain by a gnoll
             ... wielding a +0 halberd
              (10 damage)
             ... on level 3 of the Dungeon.
             The game lasted 00:07:44 (2921 turns).

Murumi the Skirmisher (Demigod Fighter)             Turns: 2921, Time: 00:07:45

Health: -4/38      AC: 11    Str: 17    XL:     4   Next: 37%
Magic:  6/6        EV:  7    Int: 10    God:
Gold:   176        SH:  5    Dex: 17    Spells: 3/3 levels left

rFire   . . .      SeeInvis .   a - +0 long sword
rCold   . . .      Faith    .   c - +0 buckler
rNeg    . . .      Spirit   .   k - +0 chain mail
rPois   .          Reflect  .   b - +2 hat
rElec   .          Harm     .   (no cloak)
rCorr   .          Rampage  .   (no gloves)
Will    .....                   (no boots)
Stlth   ..........              (no amulet)
HPRegen 0.12/turn               (no ring)
MPRegen 0.10/turn               (no ring)

@: hasted, very quick
A: high MP 1, forlorn, divine attributes
a: no special abilities


You were on level 3 of the Dungeon.
You visited 1 branch of the dungeon, and saw 3 of its levels.

You collected 176 gold pieces.

Inventory:

Hand Weapons
 a - a +0 long sword (weapon)
Armour
 b - a +2 hat (worn)
 c - a +0 buckler (worn)
 k - a +0 chain mail (worn)
Wands
 m - a wand of iceblast (8)
 o - a wand of mindburst (17)
Scrolls
 n - a scroll of amnesia
Potions
 d - a potion of might
 e - a potion of attraction
 f - 2 potions of brilliance
 g - 2 potions of ambrosia
 h - 2 potions of flight
 i - 3 potions of curing
 j - 2 potions of lignification


   Skills:
 - Level 3.0 Fighting
 + Level 2.9 Long Blades
 - Level 3.0 Armour
 - Level 2.0 Dodging
 - Level 1.0 Stealth
 - Level 3.0 Shields


You had 3 spell levels left.
You didn't know any spells.
Your spell library was empty.

Dungeon Overview and Level Annotations

Branches:
Dungeon (3/15)


Innate Abilities, Weirdness & Mutations

You have an increased reservoir of magic. (+10% MP)
You shall have no god before yourself.
Your divine heritage dramatically boosts your attributes as you level up.


Message History

* * * LOW HITPOINT WARNING * * *
The kobold hits you with a +0 whip.
* * * LOW HITPOINT WARNING * * *
The kobold hits you but does no damage.
The gnoll hits you from afar with a +0 halberd.
* * * LOW HITPOINT WARNING * * *
It was a potion of haste.
You feel yourself speed up. The kobold hits you but does no damage.
The gnoll hits you but does no damage.
You are confused.
You feel invigorated.
You're too confused to move!
The kobold hits you but does no damage. The gnoll barely misses you.
You bump into the rock wall.
The kobold hits you but does no damage. The gnoll closely misses you.
You bump into the rock wall.
You bump into the rock wall.
The kobold hits you but does no damage.
The gnoll hits you from afar with a +0 halberd.
* * * LOW HITPOINT WARNING * * *
You slash the kobold!
You kill the kobold!
You feel less invigorated.
You feel less confused. You block the gnoll's attack.
The gnoll barely misses you.
The gnoll hits you from afar with a +0 halberd!
* * * LOW HITPOINT WARNING * * *
Things that are here:
a +0 whip; a stone; a +0 spear You closely miss the gnoll.
You hit the gnoll.
The gnoll is heavily wounded.
The gnoll closely misses you. You block the gnoll's attack.
You hit the gnoll but do no damage.
The gnoll is heavily wounded.
You block the gnoll's attack. The gnoll hits you but does no damage.
You hit the gnoll.
The gnoll is severely wounded.
The gnoll hits you but does no damage.
The gnoll hits you from afar with a +0 halberd!
You die...

.........>......#.#..§≈≈..#
#########..#.#[.#.#§§≈≈≈≈.#
#..#.#..#.#.§§§§≈.#
#.......#.#.≈§.≈§.#
##........#.§≈.≈≈.#
####..####.§§.≈≈.# #
##.......≈...≈.# #
####...###..≈.8.≈.# ##
#.K..#gg@.........# .+
#.##...####...#.### .+ #
##.## #.#...# .+ #g#
#.###.# ### #.### #.# #.#
..## #.†.# #.# #.# #..##
###.# #.# #.# #...## g# #.#
#.# .....# .. #.#


You could see 2 gnolls.

Vanquished Creatures
  A gnoll (D:3)
  2 adders (D:2)
  3 worms
  3 dart slugs (D:2)
  6 orcs (D:3)
  5 endoplasms
  3 giant cockroaches (D:1)
  7 goblins
  5 hobgoblins
  4 kobolds
  5 quokkas
  4 ball pythons
  4 bats
  2 frilled lizards (D:2)
  6 rats
60 creatures vanquished.

Notes
Turn   | Place    | Note
-------+----------+-------------------------------------------
     0 | D:1      | Murumi the Demigod Fighter began the quest for the Orb.
     0 | D:1      | Reached XP level 1. HP: 18/18 MP: 3/3
   296 | D:1      | Reached XP level 2. HP: 23/26 MP: 4/4
   986 | D:2      | Reached skill level 1 in Dodging
  1081 | D:2      | Reached XP level 3. HP: 29/29 MP: 5/5
  1950 | D:2      | Reached skill level 1 in Stealth
  2422 | D:3      | Reached XP level 4. HP: 37/38 MP: 6/6
  2909 | D:3      | HP: 1/38 [gnoll/+0 halberd (3)]
  2921 | D:3      | Slain by a gnoll

Illustrated notes

Levels and vault maps discovered:
D:1:      sevenhm_arrival_forest_fort_small_4, layout_rooms
D:2:      layout_loops_corners, ebering_ecumenical_altar_ruins
D:3:      layout_loops_ring, mainiacjoe_overflow_catwalk,
          chequers_temple_overflow_statue_of_worship,
          mainiacjoe_overflow_big_doors, serial_shops, shop,
          guppyfry_early_orc_mine

Skill      XL: |  1  2  3 |
---------------+----------+-----
Long Blades    | 2 |  2.9
Fighting       | 3 |  3.0
Shields        | 3 |  3.0
Armour         | 3 |  3.0
Dodging        | 1 2 |  2.0
Stealth        | 1 |  1.0

Action                   |  1- 3 |  4- 6 || total
-------------------------+-------+-------++-------
Melee: Long sword        |   148 |    62 ||   210
  Use: Scroll            |     8 |     2 ||    10
       Potion            |       |     2 ||     2
Armor: Scale mail        |    46 |       ||    46
       Chain mail        |     9 |    29 ||    38
Dodge: Dodged            |    78 |    15 ||    93
Block: Buckler           |    40 |    16 ||    56

Table legend: (Time is in decaauts)
 A = Elapsed time spent in this place.
 B = Non-inter-level travel time spent in this place.
 C = Inter-level travel time spent in this place.
 D = Time resting spent in this place.
 E = Time spent auto-exploring this place.
 F = Levels seen in this place.
 G = Mean time per level.
                   A        B        C        D        E       F      G
               +--------+--------+--------+--------+--------+-----+--------+
         Total |   2994 |   2874 |    120 |      4 |   2291 |   3 |  998.0 |
       Dungeon |   2994 |   2874 |    120 |      4 |   2291 |   3 |  998.0 |
               +--------+--------+--------+--------+--------+-----+--------+

Top non-repeatable levels by time:
     D:2: 1407 daAuts
     D:1: 987 daAuts
     D:3: 599 daAuts
